 Dungeon Crawl Stone Soup version 0.20.1-1-g8b1a95d (webtiles) character file.

123 pstr the Conjurer (level 5, 0/25 HPs)
             Began as a Kobold Conjurer on Nov 18, 2017.
             Slain by Natasha (3 damage)
             ... on level 2 of the Dungeon.
             The game lasted 00:08:48 (3224 turns).

pstr the Conjurer (Kobold Conjurer)                 Turns: 3224, Time: 00:08:49

Health: 0/25       AC:  2    Str:  5    XL:     5   Next: 29%
Magic:  0/9        EV: 15    Int: 17    God:
Gold:   72         SH:  0    Dex: 16    Spells: 7/10 levels left

rFire    . . .     SeeInvis .   i - +0 dagger (protect)
rCold    + . .     Gourm    .   (shield restricted)
rNeg     . . .     Faith    .   a - +0 robe
rPois    .         Spirit   .   (no helmet)
rElec    .         Reflect  .   (no cloak)
rCorr    .         Harm     +   (no gloves)
MR       .....     Clarity  +   (no boots)
Stlth    +++.......             e - amulet of harm
Regen    0.1/turn               h - ring of stealth
MPRegen  0.2/turn               (no ring)

@: slowed, very slow
A: hooves 1, carnivore 3, clarity, cold resistance 1, frail 1
a: no special abilities


You were on level 2 of the Dungeon.
You were very full.

You visited 1 branch of the dungeon, and saw 2 of its levels.

You collected 72 gold pieces.

Inventory:

Hand Weapons
 i - a +0 dagger of protection (weapon)
Missiles
 d - 45 stones (quivered)
Armour
 a - a +0 robe (worn)
Jewellery
 e - an amulet of harm (around neck)
 h - a ring of stealth (left hand)
Scrolls
 g - a scroll of magic mapping {unknown}
 j - a scroll of blinking {unknown}
 k - a scroll of teleportation {unknown}
 m - a scroll of noise {unknown}
Books
 b - a book of Conjurations

   Spells                             Type                      Level
   a - Magic Dart                     Conjuration                  1
   b - Searing Ray                    Conjuration                  2
   c - Dazzling Spray                 Conjuration/Hexes            3
   d - Fulminant Prism                Conjuration/Hexes            4
   e - Force Lance                    Conjuration/Translocation    4
   f - Iskenderun's Mystic Blast      Conjuration                  4
Comestibles
 c - 2 meat rations
 f - 7 chunks of flesh


   Skills:
 + Level 2.5 Dodging
 + Level 3.0 Stealth
 + Level 3.1 Spellcasting
 + Level 5.6 Conjurations


You had 7 spell levels left.
You knew the following spells:

 Your Spells              Type           Power        Failure   Level  Hunger
a - Magic Dart            Conj           ###.         1%          1    None
b - Searing Ray           Conj           ###...       2%          2    ##.....


Dungeon Overview and Level Annotations

Branches:
Dungeon (2/15)

Altars:

Annotations:
D:2 Natasha


Innate Abilities, Weirdness & Mutations

You are small and have problems with some larger weapons.
You are carnivorous and can eat meat at any time.
You have large cloven feet.
You possess an exceptional clarity of mind.
Your flesh is cold resistant. (rC+)
You are frail. (-10% HP)


Message History

It was a potion of mutation.
You feel extremely strange.
Your thoughts seem clearer.
You feel frail.
Your feet thicken and deform.
You feel resistant to cold. Natasha misses you.
Natasha stares at you and mumbles some strange words.
The magic dart hits you!
* * * LOW HITPOINT WARNING * * *
Natasha stares at you and mumbles some strange words.
You feel yourself slow down. Natasha casts a spell at you.
You resist with some effort.
Casting: Magic Dart
Confirm with . or Enter, or press ? or * to list all spells.
Aiming: Magic Dart
Press: ? - help, Shift-Dir - straight line, f/p - Natasha
Aim: Natasha (severely wounded)
The magic dart hits Natasha.
Natasha is almost dead.
Natasha claws you.
You die...

# #......)..# #.#.# # #.#'#######
#.#.# # #.#.# #>#.# #
#.#.##########.#.# #
#.#.........<#.#.# ###+#### #
#[############.#.# ###...(..# #
#.#..............####........#
###.#.##########h..#...........##
................@....#...........
.....................#.........##
.....#.###.#.........#......<..+
...#.................#+##......#
...#.#.###.#...................#
####.#.#$#.#...)............####
#.#.###.#................#
####........................#
.....#.###.#......##........#


You could see Natasha.

Vanquished Creatures
  Natasha (twice) (D:2)
  An adder (D:2)
  A worm (D:1)
  3 dart slugs
  2 leopard geckos
  7 bats
  2 giant cockroaches
  7 goblins
  4 hobgoblins
  6 jackals (D:1)
  6 kobolds
  A ball python (D:1)
  4 frilled lizards
  6 rats
  2 plants (D:1)
54 creatures vanquished.

Notes
Turn   | Place    | Note
-------+----------+-------------------------------------------
     0 | D:1      | pstr the Kobold Conjurer began the quest for the Orb.
     0 | D:1      | Reached XP level 1. HP: 10/10 MP: 3/3
   471 | D:1      | Reached XP level 2. HP: 15/15 MP: 1/5
   806 | D:1      | Reached XP level 3. HP: 19/19 MP: 3/6
  2326 | D:1      | Learned a level 2 spell: Searing Ray
  2617 | D:2      | Noticed Natasha
  2618 | D:2      | Reached XP level 4. HP: 24/24 MP: 5/8
  2655 | D:2      | Killed Natasha
  2655 | D:2      | Reached skill level 5 in Conjurations
  2767 | D:2      | Noticed Natasha
  2775 | D:2      | Killed Natasha
  2775 | D:2      | Reached XP level 5. HP: 28/28 MP: 4/9
  3200 | D:2      | Noticed Natasha
  3218 | D:2      | Gained mutation: You possess an exceptional clarity of mind. [potion of mutation]
  3218 | D:2      | Gained mutation: You are frail. (-10% HP) [potion of mutation]
  3218 | D:2      | Gained mutation: You have large cloven feet. [potion of mutation]
  3218 | D:2      | Gained mutation: Your flesh is cold resistant. (rC+) [potion of mutation]
  3224 | D:2      | Slain by Natasha

Skill      XL: |  1  2  3  4 |
---------------+-------------+-----
Stealth        | 3 |  3.0
Conjurations   | 5 |  5.6
Spellcasting   | 3 |  3.1
Dodging        | |  2.5

Action                   |  1- 3 |  4- 6 || total
-------------------------+-------+-------++-------
Melee: Dagger            |   710 |     2 ||   712
 Cast: Magic Dart        |    73 |    22 ||    95
       Searing Ray       |     2 |     9 ||    11
  Use: Potion            |       |     1 ||     1
  Eat: Chunk             |    14 |     4 ||    18
Armor: Robe              |     2 |       ||     2
Dodge: Dodged            |    14 |    10 ||    24
